Cogmind - Beta 15 *** ADVENTURER MODE // 2025.06.20 @ 14:18:08 Player: Quasar Result: Destroyed by D-53 Grenadier with Mini Grenade Launcher Performance ------------- Evolutions (0) 0 Regions Visited (2) 400 Robots Destroyed (11) 55 Value Destroyed (325) 325 Prototype IDs (0) 0 Alien Tech Used (0) 0 Bonus (-19) -19 TOTAL SCORE: 761 Bonus ------- Friendly Fire -19 Cogmind --------- Core Integrity 0/250 Matter 275/300 Energy 63/100 System Corruption 6% Temperature Cool (0) Movement Core (250) Ox4 Location -10/Mines Parts ------- > --- POWER (1) -------- (None) > --- PROPULSION (2) --- (None) > --- UTILITY (2) ------ Medium Storage Unit > --- WEAPON (2) ------- Particle Gun > --- INVENTORY (10) --- Ion Engine Ion Engine High-capacity Matter Pod (200) High-capacity Matter Pod (200) Structural Scanner Propulsion Shielding Assault Rifle Peak State ------------ > --- POWER ------------ Light Nuclear Core > --- PROPULSION ------- Improved Hover Unit Improved Hover Unit > --- UTILITY ---------- Medium Storage Unit Sensor Array > --- WEAPON ----------- Grenade Launcher Mining Laser > --- INVENTORY -------- Ion Engine Ion Engine Improved Hover Unit Improved Hover Unit High-capacity Matter Pod Propulsion Shielding Shield Generator Particle Gun Assault Rifle Grenade Launcher [Rating: 12] Favorites ----------- Power Ion Engine Engine Ion Engine Power Core Light Nuclear Core Propulsion Improved Hover Unit Treads Light Treads Leg Aluminum Leg Hover Unit Improved Hover Unit Utility Medium Storage Unit Device Sensor Array Storage Medium Storage Unit Protection Propulsion Shielding Weapon Grenade Launcher Energy Gun Particle Gun Ballistic Gun Assault Rifle Launcher Grenade Launcher Special Weapon Mining Laser Build | -11 -10 -10 ------- Run | Yrd Mat Min Slots Evolved . | . . . Power . | . . . Propulsion . | . . . Utility . | . . . Weapon . | . . . Parts Attached 24 | 7 15 2 Power 2 | 1 1 . Engine 1 | 1 . . Core 1 | . 1 . Reactor . | . . . Propulsion 9 | 3 6 . Treads 2 | 2 . . Leg 3 | 1 2 . Wheel . | . . . Hover 4 | . 4 . Flight . | . . . Utility 7 | 1 5 1 Device 3 | . 3 . Storage 2 | 1 1 . Processor . | . . . Hackware . | . . . Protection 2 | . 1 1 Artifact . | . . . Weapon 6 | 2 3 1 Energy Gun 1 | . . 1 Energy Cannon . | . . . Ballistic Gun 2 | 2 . . Ballistic Cannon . | . . . Launcher 2 | . 2 . Special Weapon 1 | . 1 . Impact Weapon . | . . . Slashing Weapon . | . . . Piercing Weapon . | . . . Special Melee Weapon . | . . . Unidentified Prototypes . | . . . Parts Lost 10 | . 4 6 Power 1 | . . 1 Propulsion 4 | . 2 2 Utility 2 | . 1 1 Weapon 3 | . 1 2 Highest Loss Streak 6 | . 4 6 To Critical Strikes . | . . . Average Backups 7 | 4 7 7 Power 1 | 1 1 2 Propulsion 1 | 2 1 . Utility 2 | . 2 3 Weapon 2 | 1 2 1 Tool/Special . | . . . Unused Backups 5 | . 3 2 Power 1 | . . 1 Propulsion 2 | . 2 . Utility 1 | . . 1 Weapon 1 | . 1 . Tool/Special . | . . . Average Slot Usage (%) 94 | . 95 71 Engine 10 | . 10 . Core 3 | . 3 8 Treads 3 | . 3 . Leg 6 | . 6 . Hover 17 | . 17 14 Device 8 | . 8 11 Storage 14 | . 14 14 Protection 1 | . 1 . Ballistic Gun 6 | . 6 . Launcher 13 | . 13 8 Special Weapon 8 | . 8 8 Peak Build Rating 12 | 6 12 12 Average Rating 8 | 3 9 7 On Entrance 5 | . 6 11 Naked Turns . | . . . Heaviest Build 22 | 13 22 20 Greatest Support 40 | 40 40 14 Greatest Overweight (x) 5 | . 2 5 Average Overweight (x) . | . . 2 Largest Inventory Capacity 10 | 8 10 10 Average Capacity 9 | 7 9 10 Most Carried 10 | 8 10 8 Average Carried 7 | 4 7 7 Final Capacity 10 | 8 10 10 Final Carried 7 | 4 7 7 Class Distribution -------------------- 100% | Mutant Dominant Class ---------------- Mutant | -10/Materials Mutant | -10/Mines Resources | -11 -10 -10 ----------- Run | Yrd Mat Min Matter Collected 779 | 154 593 32 Remotely . | . . . Salvage Created 341 | . 279 62 Parts 24 | . 24 . Haulers Intercepted . | . . . Recyclers Shooed . | . . . Parts Field Recycled . | . . . Retrieved Matter . | . . . Parts Self-Destructed . | . . . Prevented . | . . . Kills | -11 -10 -10 ------- Run | Yrd Mat Min Combat Hostiles Destroyed 18 | . 7 11 AOE 18 | . 7 11 Classes Destroyed 4 | . 3 1 Builder 3 | . 3 . Watcher 1 | . 1 . Grunt 7 | . 7 . Assembled 11 | . . 11 Best Kill Streak 11 | . 6 11 Combat Bots Only 11 | . 3 11 Max Kills in Single Turn 5 | . 3 5 Gunslinging . | . . . Exploded 5 | . 2 5 Melee . | . . . Uniques/NPCs Destroyed . | . . . Combat | -11 -10 -10 -------- Run | Yrd Mat Min Hostile Shots Fired 33 | . 10 23 Missed 7 | . 3 4 Hits 26 | . 7 19 Projectile 26 | . 7 19 AOE 13 | . . 13 Damage Taken 859 | . 346 513 Core 263 | . 6 257 Absorbed by Shields 15 | . 15 . Ignored by Resistances 184 | . 41 143 Regen/Repaired (Parts) 56 | . 56 . Core Remaining (%) 100 | 100 . . Volleys Fired 25 | . 17 8 Largest 1 | . 1 1 Hottest 100 | . 100 65 Shots Fired 26 | . 18 8 Gun 3 | . . 3 Cannon . | . . . Launcher 16 | . 11 5 Special 7 | . 7 . Kinetic . | . . . Thermal 10 | . 7 3 Explosive 16 | . 11 5 Electromagnetic . | . . . Robot Hit Streak 6 | . 1 6 Robot Miss Streak 1 | . 1 1 Penetration Max . | . . . Secondary Targets . | . . . Shots Hit Robots 8 | . 1 7 Core Hits 53 | . 17 36 Critical Kills . | . . . Critical Parts Destroyed . | . . . Critical Strikes 1 | . . 1 Burn 1 | . . 1 Melee Attacks . | . . . Impact . | . . . Slashing . | . . . Piercing . | . . . Sneak Attacks . | . . . Combat Hostiles . | . . . Follow-up Attacks . | . . . Damage Inflicted 1447 | . 651 796 Guns 44 | . . 44 Cannons . | . . . Explosions 1403 | . 651 752 Melee . | . . . Ramming . | . . . Kinetic . | . . . Thermal 44 | . . 44 Explosive 1403 | . 651 752 Electromagnetic . | . . . Impact . | . . . Slashing . | . . . Piercing . | . . . Highest Corruption 6 | . 6 6 Average Corruption 6 | . 6 6 Corruption Purged . | . . . Corruption Blocked . | . . . Effects 6 | . 4 2 Message Errors 2 | . . 2 Matter Fused 1 | . 1 . Heat Flow Errors 1 | . 1 . Data Loss (major) 1 | . 1 . Misfires 1 | . 1 . Overload Shots . | . . . Overflow Damage 23 | . 17 6 Projectiles . | . . . Explosions 23 | . 17 6 Melee . | . . . Knockbacks . | . . . Impact . | . . . Kinetic . | . . . Secondary . | . . . Self-Inflicted Damage 65 | . 55 10 Shots 3 | . 2 1 Rammed . | . . . Targets Rammed . | . . . Kicked . | . . . Crushed . | . . . Highest Temperature 246 | . 246 28 Average Temperature 75 | . 87 14 Received Heat Transfer 55 | . 35 20 Siege Activations . | . . . Martial Activations . | . . . Shielding Activations . | . . . Robots Disrupted . | . . . Combat Hostiles . | . . . Robots Corrupted . | . . . Combat Hostiles . | . . . Parts Fried . | . . . Impact Corruptions . | . . . Robots Melted . | . . . Combat Hostiles . | . . . Parts Melted . | . . . Heat Transferred 185 | . . 185 Parts Sabotaged . | . . . Parts Stolen . | . . . Parts Stripped . | . . . Power Chain Reactions . | . . . Alert | -11 -10 -10 ------- Run | Yrd Mat Min Maximum Alert Level . | . . . Low Security (%) 100 | 100 100 100 Level 1 . | . . . Level 2 . | . . . Level 3 . | . . . Level 4 . | . . . Level 5 . | . . . High Security . | . . . Max Security . | . . . Peak Influence 155 | . 155 68 Initial 37 | . . 37 Average 33 | . 35 27 Influence Increases 390 | . 356 34 Destroy 0b10 Robot/C 140 | . 140 . Destroy 0b10 Robot/NC 20 | . 20 . Destroy Leader 32 | . 32 . Successful Hack 36 | . 36 . Disable Machine 27 | . 27 . Destroy Structure 135 | . 101 34 Influence Decreases 389 | . 240 149 Entered New Map 79 | . . 79 Time Decay 249 | . 239 10 Lost Part 61 | . 1 60 Squads Dispatched 1 | . 1 . Investigation 1 | . 1 . Extermination . | . . . Reinforcement . | . . . Assault . | . . . Garrison . | . . . Intercept . | . . . Searches Triggered . | . . . Construction Impeded . | . . . Haulers Reinforced . | . . . Active Scanning Responses . | . . . Cargo Convoy Interrupts . | . . . Stealth | -11 -10 -10 --------- Run | Yrd Mat Min Distress Signals 1 | . 1 . Communications Jammed . | . . . Distress Signals . | . . . Times Spotted 29 | . 8 21 Peak Tracking Total 17 | . 3 17 Tactical Retreats . | . . . Traps | -11 -10 -10 ------- Run | Yrd Mat Min Traps Triggered 2 | . 2 . Indirectly . | . . . Trap Hack Attempts . | . . . Triggered . | . . . Disarmed 6 | . 6 . Reprogrammed . | . . . Reused . | . . . Traps Extracted . | . . . Installed . | . . . Triggered . | . . . Machines | -11 -10 -10 ---------- Run | Yrd Mat Min Machines Disabled 3 | . 3 . Max in Single Turn 2 | . 2 . Machines Repaired . | . . . Machines Dismantled . | . . . Machines Sabotaged . | . . . Overloaded Fab Kills . | . . . Hacking | -11 -10 -10 --------- Run | Yrd Mat Min Machines Accessed 11 | . 11 . Terminals 8 | . 8 . Fabricators . | . . . Repair Stations 1 | . 1 . Recycling Units 2 | . 2 . Scanalyzers . | . . . Garrison Access . | . . . Total Hacks 41 | . 41 . Successful 29 | . 29 . Failed 12 | . 12 . Catastrophic 1 | . 1 . Database Lockouts . | . . . Manual 33 | . 33 . Terminals 29 | . 29 . Fabricators . | . . . Repair Stations 4 | . 4 . Recycling Units 8 | . 8 . Scanalyzers . | . . . Garrison Access . | . . . Terminal Hacks 4 | . 4 . Part Schematic 1 | . 1 . Disarm Traps 1 | . 1 . Zone Layout 2 | . 2 . Fabricator Hacks . | . . . Repair Station Hacks 4 | . 4 . Scan Component 2 | . 2 . Repair 2 | . 2 . Recycling Unit Hacks 2 | . 2 . Retrieve Components 2 | . 2 . Scanalyzer . | . . . Garrison Access Hacks . | . . . Unauthorized Hacks 19 | . 19 . Terminals 17 | . 17 . Track 1 | . 1 . Assimilate 1 | . 1 . Botnet 7 | . 7 . Disrupt 1 | . 1 . Operators 2 | . 2 . Skim 5 | . 5 . Fabricators . | . . . Repair Stations . | . . . Recycling Units 2 | . 2 . Monitor 1 | . 1 . Reject 1 | . 1 . Scanalyzers . | . . . Garrison Access . | . . . Data Cores Recovered . | . . . Used . | . . . Hacking Detections 8 | . 8 . Full Trace Events 1 | . 1 . Feedback Events . | . . . Feedback Blocked . | . . . Robot Schematics Acquired . | . . . Robots Built . | . . . Authchips . | . . . Time . | . . . Total Robot Build Rating . | . . . Part Schematics Acquired 1 | . 1 . Parts Built . | . . . Authchips . | . . . Time . | . . . Total Part Build Rating . | . . . Parts Repaired 2 | . 2 . Time 70 | . 70 . Parts Recycled . | . . . Recycled Matter . | . . . Retrieved Matter . | . . . Retrieved Components 13 | . 13 . Parts Scanalyzed . | . . . Part Schematics Acquired . | . . . Parts Damaged . | . . . Bothacking | -11 -10 -10 ------------ Run | Yrd Mat Min Used RIF Installer . | . . . Robots Hacked . | . . . Non-combat . | . . . Combat . | . . . Robot Hacks Applied . | . . . Relay Couplers Released . | . . . Fabnet Peak Effective % . | . . . Robots Rewired . | . . . Allies Hacked . | . . . Hacks Repelled . | . . . Allies | -11 -10 -10 -------- Run | Yrd Mat Min Total Allies . | . . . Largest Group . | . . . Highest-Rated Group . | . . . Highest-Rated Ally . | . . . Total Orders . | . . . Ally Attacks . | . . . Total Damage . | . . . Kills . | . . . Allies Corrupted . | . . . Allies Melted . | . . . Intel | -11 -10 -10 ------- Run | Yrd Mat Min Active Infowar (turns) 462 | . 440 22 Sensors 292 | . 292 . Structural 170 | . 148 22 Robot Analysis Total . | . . . Derelict Logs Recovered . | . . . Drone Launches . | . . . Drone Recoveries . | . . . Exploration | -11 -10 -10 ------------- Run | Yrd Mat Min Turns Passed 1090 | 62 989 39 Spaces Moved 659 | 41 608 10 Core 17 | 13 . 4 Treads 82 | 16 66 . Legs 159 | 12 147 . Wheels . | . . . Hover 401 | . 395 6 Flight . | . . . Fastest Speed 50 | 50 116 116 Average Speed 128 | 113 128 174 Slowest Speed 300 | 160 260 300 Overloaded Moves . | . . . Propulsion Burnouts . | . . . Robots Hopped . | . . . Potential Cave-ins . | . . . Cave-ins Triggered 1 | . 1 . Exploration Rate (%) 35 | 4 92 10 Regions Visited 2 Branch Regions 1 Pre-discovered Areas 1 | . 1 . Known Exits Taken . | . . . Unknown Exits Taken 2 | 1 1 . Scrap Searched . | . . . Spaces Dug 6 | . 6 . Terrain Destroyed 154 | . 108 46 Melee . | . . . Projectile 7 | . 7 . AOE 147 | . 101 46 Terrain Rammed . | . . . Walls Destroyed . | . . . Machines Disabled . | . . . Actions | -11 -10 -10 --------- Run | Yrd Mat Min Total 863 | 55 785 23 Wait 112 | . 111 1 Move 657 | 40 607 10 Hop . | . . . Pick Up 30 | 8 21 1 Fast Attach 2 | 2 . . Attach 13 | 4 8 1 Detach . | . . . Swap 13 | 1 10 2 Drop 11 | . 11 . Fire 25 | . 17 8 Melee . | . . . Ram . | . . . Kick . | . . . Crush . | . . . Escape Stasis . | . . . Rewire . | . . . Trap . | . . . Miscellaneous . | . . . Route ------- -11/Scrapyard -10/Materials (discovered 6 exits: *Mat x3 / [*Min x2] / *Sub) -10/Mines (discovered 2 exits: Mat x2) History --------- Turn | Location | Event 9 | -11/Scrapyard | Discovered new exit (range 13) 63 | -11/Scrapyard | Entered Materials 196 | -10/Materials | Discovered new exit (range 16) 211 | -10/Materials | Discovered new exit (range 10) 234 | -10/Materials | Discovered new exit (range 16) 328 | -10/Materials | Build established: Mutant 673 | -10/Materials | Identified exit to Subcaves 751 | -10/Materials | Identified exit to Materials 752 | -10/Materials | Repaired Imp. Hover Unit 805 | -10/Materials | Repaired Lgt. Nuclear Core 873 | -10/Materials | Crushed by falling debris 878 | -10/Materials | Learned location of 1 exit from Recycling 904 | -10/Materials | Lost 4 parts (2n1u1w) 927 | -10/Materials | Learned 2 Mines zone layouts 985 | -10/Materials | Learned location of Storage (-9) 1052 | -10/Materials | Entered Mines 1053 | -10/Mines | Assembled infested the area 1058 | -10/Mines | Assisted by a Guerilla fighting off Assembled 1086 | -10/Mines | Core integrity fell below 50% 1088 | -10/Mines | Destroyed 11 combat bots 1090 | -10/Mines | Core integrity fell below 20% 1091 | -10/Mines | Destroyed by D-53 Grenadier with Mini Grenade Launcher Last Messages --------------- The unstable cave ceiling collapses. U-05 Engineer builds a Wall. as-68863 destroyed. as-32187 destroyed. The unstable cave ceiling collapses. U-05 Engineer lays Concrete. XZFBRNERTIPWXR